 Dungeon Crawl Stone Soup version 0.30.0-29-ga12c61a403 (webtiles) character file.

Game seed: 5441612767578953559

4560 FishyPogo the Torchbearer (level 10, -3/70 (79) HPs)
             Began as a Demonspawn Transmuter on June 5, 2023.
             Was an Initiate of Yredelemnul.
             Slain by a wight
             ... wielding a +3 morningstar
              (6 damage)
             ... on level 8 of the Dungeon.
             The game lasted 00:52:38 (8873 turns).

FishyPogo the Torchbearer (Demonspawn Transmuter)   Turns: 8873, Time: 00:52:39

HP:   -3/70 (79)    AC: 10    Str:  9    XL:     10   Next: 18%
MP:   18/18         EV: 18    Int: 25    God:    Yredelemnul [......]
Gold: 240           SH:  0    Dex: 14    Spells: 6/20 levels left

rFire   + . .        a - +2 short sword (vamp)
rCold   . . .        (no shield)
rNeg    + . .        N - +4 leather armour of the Jackalope {rF+}
rPois   +            (helmet restricted)
rElec   .            g - +2 ratskin cloak {*Rats rPois rN+ Str-1 Int-1 Dex+1}
rCorr   .            (no gloves)
SInv    .            (no boots)
Will    .....        z - amulet of faith
Stlth   +            u - +5 ring of evasion
HPRegen 0.31/turn    X - +6 ring of intelligence
MPRegen 0.32/turn

%: faith
@: brilliant, heavily drained
A: hooves 1, horns 2, magic regeneration, weakness stinger 2
a: Renounce Religion, Recall Undead Harvest


You were on level 8 of the Dungeon.
You worshipped Yredelemnul.
Yredelemnul was aware of your devotion.
You visited 1 branch of the dungeon, and saw 9 of its levels.
You also visited: Sewer.

You collected 402 gold pieces.
You spent 162 gold pieces at shops.

Inventory:

Hand Weapons
 a - a +2 vampiric short sword (weapon)
 o - a +3 falchion
 x - a +3 halberd of freezing
 A - the +6 quarterstaff of Doubt {heavy, Fragile rC+++ Dex+4}
   (You found it on level 5 of the Dungeon)

   Dex:       It affects your dexterity (+4).
   rC:        It renders you almost immune to cold.
   Fragile:   It will be destroyed if unequipped.
 J - a +0 short sword of electrocution
 M - a +4 great sword
Missiles
 c - 86 stones (quivered)
 d - 8 javelins
 t - 24 poisoned darts
 T - 2 curare-tipped darts
Armour
 f - a +0 robe
 g - the +2 ratskin cloak (worn) {*Rats rPois rN+ Str-1 Int-1 Dex+1}
   (You found it on level 4 of the Dungeon)

   *Rats:     When the wearer is hurt, rats may emerge from it to assist them.
   Str:       It affects your strength (-1).
   Int:       It affects your intelligence (-1).
   Dex:       It affects your dexterity (+1).
   rPois:     It protects you from poison.
   rN:        It protects you from negative energy.
 D - a scarf of repulsion
 E - the +4 scale mail of Integrity {Harm Str-5 Int+2 Dex+3}
   (You bought it in a shop on level 1 of the Dungeon)

   Str:       It affects your strength (-5).
   Int:       It affects your intelligence (+2).
   Dex:       It affects your dexterity (+3).
   Harm:      It increases damage dealt and taken.
 L - a +0 kite shield
 N - the +4 leather armour of the Jackalope (worn) {rF+}
   (You took it off a kobold brigand on level 7 of the Dungeon)

   rF:        It protects you from fire.
 P - a +1 scale mail of willpower
Magical Staves
 j - a staff of air
 m - a staff of cold
Jewellery
 u - a +5 ring of evasion (left hand)
 z - an amulet of faith (around neck)
 O - a ring of flight
 R - a ring of resist corrosion
 X - a +6 ring of intelligence (right hand)
Wands
 e - a wand of roots (11)
 F - a wand of quicksilver (10)
 G - a wand of flame (19)
Scrolls
 h - 2 scrolls of teleportation
 k - 6 scrolls of enchant weapon
 l - 2 scrolls of fear
 q - 2 scrolls of immolation
 r - 3 scrolls of noise
 s - a scroll of poison {unknown}
 v - 2 scrolls of fog
 y - a scroll of torment {unknown}
 B - a scroll of magic mapping {unknown}
 K - a scroll of vulnerability
 Q - 2 scrolls of brand weapon {unknown}
 S - 3 scrolls of identify
 Y - a scroll of amnesia
Potions
 b - 2 potions of attraction {unknown}
 i - 2 potions of curing
 n - a potion of cancellation {unknown}
 p - 2 potions of heal wounds {unknown}
 w - a potion of haste {unknown}
 C - 2 potions of berserk rage
 H - a potion of might
 I - 2 potions of brilliance
 U - 2 potions of mutation {unknown}
 V - a potion of lignification
 W - a potion of ambrosia {unknown}


   Skills:
 - Level 7.0 Fighting
 + Level 4.9 Short Blades
 - Level 1.4 Polearms
 * Level 2.0 Armour
 - Level 5.0 Dodging
 - Level 3.0 Unarmed Combat
 + Level 5.8 Spellcasting
 + Level 5.8 Transmutations
 + Level 2.1 Ice Magic
 - Level 0.2 Air Magic
 - Level 6.0 Poison Magic
 * Level 8.2 Invocations
 + Level 2.0 Evocations


You had 6 spell levels left.
You knew the following spells:

 Your Spells              Type           Power      Damage    Failure   Level
a - Beastly Appendage     Tmut           100%       N/A       1%          1
b - Wereblood             Tmut           53%        N/A       1%          2
c - Spider Form           Tmut/Pois      53%        N/A       2%          3
d - Freeze                Ice            100%       1d10      4%          1
e - Ice Form              Ice/Tmut       41%        N/A       21%         4
f - Hailstorm             Conj/Ice       19%        3d6       21%         3

Your spell library contained the following spells:

 Spells                   Type           Power      Damage    Failure   Level
 Frozen Ramparts          Ice            54%        1d9       13%         3
 Lesser Beckoning         Tloc           22%        N/A       16%         2
 Sublimation of Blood     Necr           11%        N/A       16%         2
 Gell's Gravitas          Tloc           11%        N/A       30%         3
 Teleport Other           Tloc           11%        N/A       30%         3
 Summon Hydra             Summ           5%         N/A       100%        7


Dungeon Overview and Level Annotations

Branches:
Dungeon (9/15)             Temple (0/1) D:6           Sewer (visited)
   Lair: D:8-11         Orc: D:9-12

Altars:
Ru
Trog
Wu Jian
Yredelemnul

Shops:
D:1 (?*:[   D:8 **


Innate Abilities, Weirdness & Mutations

You have large cloven feet.
You have a pair of horns on your head.
You regenerate magic rapidly.
You have a tail ending in a sharp stinger.


Message History

You destroy the wight!
The orc wizard mumbles some strange words.
The orc wizard flickers and vanishes!
Deactivating autopickup; reactivate with Ctrl-A.
You hit the wight but do no damage.
The wight hits you with a +3 morningstar!
Your primal bloodlust has ended.
The wight attacks as you move away!
The wight hits you with a +3 morningstar!
* * * LOW HITPOINT WARNING * * *
You feel drained.
There is a stone staircase leading up here.
Your transformation has ended.
Your +2 vampiric short sword unmelds from your body.
The +2 ratskin cloak {*Rats rPois rN+ Str-1 Int-1 Dex+1} unmelds from your body.
The +4 leather armour of the Jackalope {rF+} unmelds from your body.
You feel a sense of dread.
The wight hits you with a +3 morningstar!
* * * LOW HITPOINT WARNING * * *
You climb upwards.
Reactivating autopickup.
There is a stone staircase leading down here.
You feel better.
The wight hits you with a +3 morningstar!
* * * LOW HITPOINT WARNING * * *
You partially resist.
You feel drained. The wight attacks as you move away!
The wight closely misses you.
You hit the wight. You headbutt the wight! Your punch misses the wight.
The wight is heavily damaged.
The wight hits you with a +3 morningstar!
* * * LOW HITPOINT WARNING * * *
A hell rat scurries out from under your cloak.
You partially resist.
You feel drained.
* * * LOW HITPOINT WARNING * * *
It was a potion of brilliance.
You feel clever all of a sudden.
Your hell rat barely misses the wight.
The wight hits you with a +3 morningstar.
You die...
Your body rises from the dead as a mindless zombie.

...............# #.......#
#.
..........##########.......#
#.
.........###...............#
#Z
###################........#
#. ..#
#...........#.######## ##.
#.### #.########.##.# ##..
#...# #.##.......##.#
####.)# ###.#
#Z##.########.# #....☼.
#.#.###Z##.#..rz@...#
#.#.#.○
#.....Z.##.#.######.#
#...... #.#.######.#.# ###
#.....# ..#.######.#.#
#.###.. ..#........#.# #.#
### .###########.# #.#
.............# #.#
############## #.### #...#


You could see a wight (ally target) and a friendly hell rat.

Vanquished Creatures
  A two-headed ogre (D:8)
  2 water moccasins
  A black bear (D:5)
  Pargi (Sewer)
  2 ice beasts (D:7)
  An orc warrior (D:9)
  2 sky beasts
  2 ogres
  3 centaurs
  A phantom (D:5)
  3 kobold brigands
  2 bullfrogs
  3 scorpions
  A gnoll sergeant (D:7)
  6 wights
  4 hounds
  A jelly (D:4)
  6 orc priests
  2 gnoll boudas
  A sleepcap (D:7)
  4 iguanas
  8 orc wizards
  13 adders
  20 gnolls
  A shadow imp (D:8)
  A white imp (D:5)
  2 ufetubi (D:5)
  2 worms (D:2)
  4 dart slugs
  18 orcs
  5 endoplasms
  3 giant cockroaches
  7 goblins
  7 hobgoblins
  4 jackals (D:2)
  2 quokkas
  8 ball pythons
  A bat (D:2)
  12 frilled lizards
  15 kobolds
  A rat (D:1)
183 creatures vanquished.

Vanquished Creatures (collateral kills)
  A wyvern (D:8)
  A centaur (D:8)
  A howler monkey (D:6)
  An orc wizard (D:8)
  6 orcs
  A goblin (D:4)
  A kobold zombie (D:8)
  A spectral ufetubus (D:5)
13 creatures vanquished.

Vanquished Creatures (others)
  2 water moccasin zombies
  A centaur zombie (D:6)
  A sky beast zombie (D:7)
  An ice beast zombie (D:7)
  2 gnolls (D:8)
  An iguana zombie (D:6)
  A spectral white imp (D:5)
  8 gnoll zombies
  10 kobold zombies
  9 orc zombies
  A spectral ufetubus (D:5)
37 creatures vanquished.

Grand Total: 233 creatures vanquished

Notes
Turn   | Place    | Note
-------+----------+-------------------------------------------
     0 | D:1      | FishyPogo the Demonspawn Transmuter began the quest for the
                  | Orb.
     0 | D:1      | Reached XP level 1. HP: 15/15 MP: 3/3
    51 | D:1      | Found Lusoor's Magic Scroll Shoppe.
   160 | D:1      | Found Mutwuy's Book Shoppe.
   305 | D:1      | Discovered your monstrous ancestry.
   305 | D:1      | Gained mutation: You have a small tail. [demonic ancestry]
   305 | D:1      | Reached XP level 2. HP: 21/21 MP: 3/5
   420 | D:1      | Found Onuefief's Weapon Emporium.
   451 | D:1      | Found Kexzon's General Store.
   562 | D:1      | Found Keshribal's Antique Armour Shoppe.
  1066 | D:2      | Lost mutation: You have razor-sharp toenails. [demonic
                  | ancestry]
  1066 | D:2      | Lost mutation: You have sharp toenails. [demonic ancestry]
  1066 | D:2      | Gained mutation: You have large cloven feet. [demonic
                  | ancestry]
  1066 | D:2      | Reached XP level 3. HP: 25/27 MP: 4/6
  1069 | D:2      | Learned a level 2 spell: Wereblood
  1073 | D:2      | Learned a level 3 spell: Spider Form
  1219 | D:2      | Reached skill level 1 in Poison Magic
  1219 | D:2      | Gained mutation: You regenerate magic rapidly. [demonic
                  | ancestry]
  1219 | D:2      | Reached XP level 4. HP: 11/34 MP: 4/7
  1222 | D:2      | HP: 1/34 [gnoll/+0 halberd (4)]
  1883 | D:3      | Found a sacrificial altar of Ru.
  1989 | D:3      | Found a glowing drain.
  1998 | Sewer    | Entered a sewer
  2048 | Sewer    | Mutation became permanent: You have a pair of small horns
                  | on your head. [demonic ancestry]
  2048 | Sewer    | Gained mutation: You have a pair of horns on your head.
                  | [demonic ancestry]
  2048 | Sewer    | Reached XP level 5. HP: 24/40 MP: 4/8
  2115 | Sewer    | Noticed Pargi
  2129 | Sewer    | Killed Pargi
  2130 | Sewer    | Reached skill level 1 in Polearms
  2443 | D:3      | Noticed an ogre
  2451 | D:3      | Killed an ogre
  2452 | D:3      | Gained mutation: You have a pair of horns on your head.
                  | [demonic ancestry]
  2452 | D:3      | Reached XP level 6. HP: 48/48 MP: 8/10
  2472 | D:3      | Found a basalt altar of Yredelemnul.
  2495 | D:3      | Became a worshipper of Yredelemnul the Dark
  2647 | D:3      | Found a faded altar of an unknown god.
  2778 | D:3      | Reached skill level 5 in Fighting
  2778 | D:3      | Reached skill level 5 in Spellcasting
  2778 | D:3      | Reached skill level 5 in Transmutations
  2778 | D:3      | Reached skill level 5 in Poison Magic
  2778 | D:3      | Reached skill level 6 in Invocations
  2778 | D:3      | Gained mutation: You have a tail ending in a sharp stinger.
                  | [demonic ancestry]
  2778 | D:3      | Reached XP level 7. HP: 57/57 MP: 10/14
  3072 | D:4      | Found the +2 ratskin cloak {*Rats rPois rN+ Str-1 Int-1
                  | Dex+1}
  3229 | D:4      | Reached * piety under Yredelemnul
  3423 | D:4      | Found an ornate altar of the Wu Jian Council.
  3452 | D:4      | Reached ** piety under Yredelemnul
  3763 | D:5      | Entered Level 5 of the Dungeon
  3929 | D:5      | Reached XP level 8. HP: 51/64 MP: 15/15
  3946 | D:5      | Identified the +6 quarterstaff of Doubt {heavy, Fragile
                  | rC+++ Dex+4}
  3964 | D:5      | Learned a level 1 spell: Freeze
  4828 | D:1      | Bought a pitted scale mail for 162 gold pieces
  4828 | D:1      | Identified the +4 scale mail of Integrity {Harm Str-5 Int+2
                  | Dex+3} (You bought it in a shop on level 1 of the Dungeon)
  5206 | D:6      | Reached skill level 5 in Dodging
  5383 | D:6      | Reached *** piety under Yredelemnul
  5701 | D:6      | Reached **** piety under Yredelemnul
  5812 | D:6      | Reached XP level 9. HP: 51/71 MP: 17/17
  5817 | D:6      | Learned a level 4 spell: Ice Form
  5976 | D:6      | Found a staircase to the Ecumenical Temple.
  6156 | D:7      | Reached skill level 1 in Ice Magic
  6360 | D:7      | Reached skill level 7 in Invocations
  6451 | D:7      | Reached skill level 1 in Evocations
  6652 | D:7      | Identified the +4 leather armour of the Jackalope {rF+}
  7640 | D:8      | Found a bloodstained altar of Trog.
  7689 | D:8      | Reached skill level 1 in Armour
  7806 | D:8      | Found Cuptufas's Demolitions Depot.
  7807 | D:8      | Noticed a two-headed ogre
  8048 | D:8      | Learned a level 3 spell: Hailstorm
  8051 | D:8      | Found Daaqisugg's CLEARANCE SALE!.
  8067 | D:8      | Killed a two-headed ogre
  8068 | D:8      | Reached skill level 8 in Invocations
  8068 | D:8      | Reached XP level 10. HP: 63/79 MP: 13/18
  8872 | D:8      | HP: 3/70 [wight/+3 morningstar (2)]
  8873 | D:8      | Slain by a wight

Illustrated notes

Levels and vault maps discovered:
D:1:      dpeg_arrival_pond, layout_basic, serial_shops, nicolae_shop_peninsula,
          nicolae_book_shop_shelving, shop, shop,
          nicolae_shop_just_a_little_nook, serial_corexii_hall,
          chequers_hall_statues_y, corexii_hall_statues_i, chequers_avenue,
          minmay_misc_feat_hallway, hex_intersection
D:2:      layout_rooms, minmay_lizard_king
D:3:      layout_basic, mainiacjoe_overflow_cross_hatched,
          mainiacjoe_overflow_paths, portal_sewer_entry_d,
          ebering_ecumenical_altar_mist, minmay_goblin_outpost
D:4:      minmay_wonky_spiral, layout_loops_ring, overflow_temple_1_default
D:5:      layout_basic
D:6:      layout_loops_ring, tso_altar, minmay_temple_entry_poolview,
          serial_glass, glass_columns_c, glass_columns_a, glass_columns_a
D:7:      layout_loops_ring
D:8:      layout_basic, general_overflow_altar, nicolae_blasting_shop,
          nicolae_shop_clearance
D:9:      layout_loops_corners, marbit_many_paths, grunt_decor_junction,
          uniq_grum, uniq_maurice

Skill      XL: |  1  2  3  4  5  6  7  8  9 10 |
---------------+-------------------------------+-----
Dodging        | 2 4 5 |  5.0
Transmutations | 2 5 |  5.8
Fighting       | 2 3 5 6 7 |  7.0
Unarmed Combat | 3 |  3.0
Poison Magic   | 1 2 5 6 |  6.0
Polearms       | 1 |  1.4
Spellcasting   | 3 5 |  5.8
Short Blades   | 4 |  4.9
Invocations    | 6 8 |  8.2
Ice Magic      | 2 |  2.1
Evocations     | 1 2 |  2.0
Armour         | 1 2 |  2.0
Air Magic      | |  0.2

Action                     |  1- 3 |  4- 6 |  7- 9 | 10-12 || total
---------------------------+-------+-------+-------+-------++-------
  Melee: Unarmed           |    48 |    75 |    93 |    35 ||   251
         Kick              |    14 |    18 |   103 |    13 ||   148
         Headbutt          |     7 |    16 |    85 |    10 ||   118
         Tailslap          |     4 |     9 |    53 |     3 ||    69
         Punch             |     1 |     1 |    13 |     2 ||    17
         Halberd           |       |    20 |       |       ||    20
         Short sword       |       |       |   434 |    32 ||   466
  Throw: Javelin           |       |     1 |       |       ||     1
         Stone             |       |     3 |     8 |       ||    11
   Cast: Beastly Appendage |    15 |    22 |    40 |     3 ||    80
         Spider Form       |     1 |     2 |     7 |     1 ||    11
         Wereblood         |     1 |     1 |    12 |     1 ||    15
         Ice Form          |       |       |     1 |       ||     1
         Hailstorm         |       |       |     1 |       ||     1
 Invoke: Recall Undead Har |       |     2 |       |       ||     2
         Dark Bargain      |       |       |     1 |       ||     1
  Evoke: Wand              |       |     1 |       |       ||     1
    Use: Scroll            |       |     6 |     4 |       ||    10
         Potion            |       |     4 |     3 |     2 ||     9
   Stab: Distracted        |       |       |     3 |     1 ||     4
         Sleeping          |       |       |     1 |       ||     1
 Armour: Robe              |       |    21 |    36 |       ||    57
         Skin              |       |     1 |    85 |       ||    86
         Leather armour    |       |       |    26 |     7 ||    33
  Dodge: Dodged            |    33 |    82 |   407 |    36 ||   558
